 Dungeon Crawl Stone Soup version 0.26.1-2-gb8aa6d0cf2 (webtiles) character file.

Game seed: 18061408075212838769

221 CrazyMind the Skirmisher (level 6, -3/48 HPs)
             Began as a Formicid Abyssal Knight on Mar 30, 2021.
             Was a Believer of Lugonu.
             Killed by divine providence
             ... invoked by an orc priest
              (8 damage)
             ... on level 3 of the Dungeon.
             The game lasted 00:09:35 (2684 turns).

CrazyMind the Skirmisher (Formicid Abyssal Knight)  Turns: 2684, Time: 00:09:35

Health: -3/48      AC:  9    Str: 19    XL:     6   Next: 19%
Magic:  7/7        EV: 11    Int: 11    God:    Lugonu [**....]
Gold:   131        SH:  0    Dex: 10    Spells: 5/5 levels left

rFire    . . .     SeeInvis +   a - +1 mace
rCold    . . .     Faith    .   (no shield)
rNeg     . . .     Spirit   .   d - +0 ring mail
rPois    .         Reflect  .   (helmet unavailable)
rElec    .         Harm     .   (no cloak)
rCorr    .         Rampage  .   (no gloves)
Will     .....                  (no boots)
Stlth    +.........             (no amulet)
HPRegen  0.16/turn              h - +4 ring of protection
MPRegen  0.10/turn              i - ring of stealth

@: no status effects
A: permanent stasis, dig shafts and tunnels, four strong arms, antennae 3
a: Dig, Shaft Self, Renounce Religion, Depart the Abyss, Bend Space


You were on level 3 of the Dungeon.
You worshipped Lugonu.
Lugonu was pleased with you.
You visited 1 branch of the dungeon, and saw 3 of its levels.
You visited the Abyss 1 time.

You collected 131 gold pieces.

Inventory:

Hand Weapons
 a - a +1 mace (weapon)
 e - a +0 hunting sling
Missiles
 f - 62 stones (quivered)
 j - 39 sling bullets
 k - 69 arrows
 n - a poisoned dart
Armour
 b - a +0 leather armour
 d - a +0 ring mail (worn)
Jewellery
 h - a +4 ring of protection (left hand)
 i - a ring of stealth (right hand)
Scrolls
 c - 2 scrolls of teleportation {unknown}
 g - a scroll of amnesia {unknown}
 l - 2 scrolls of identify {unknown}
Potions
 m - a potion of might {unknown}


   Skills:
 + Level 4.2 Fighting
 + Level 4.0 Maces & Flails
 + Level 1.0 Throwing
 + Level 3.4 Armour
 + Level 2.1 Dodging
 + Level 2.4 Invocations


You had 5 spell levels left.
You didn't know any spells.
Your spell library was empty.

Dungeon Overview and Level Annotations

Branches:
Dungeon (3/15)

Altars:

Annotations:
D:2 exclusion: downstairs
D:3 Terence


Innate Abilities, Weirdness & Mutations

You cannot be hasted, slowed, berserked, paralysed or teleported.
You can dig through walls and to a lower floor.
Your four strong arms can wield two-handed weapons with a shield.
You have a pair of large antennae on your head. (SInv)


Message History

You hit the orc priest.
The orc priest is almost dead.
The orc priest miscasts a cantrip.
The orc priest looks encouraged for a moment.
The orc closely misses you.
The orc priest hits you but does no damage.
You hit the orc priest.
You kill the orc priest!
Lugonu accepts your kill. The orc hits you with a +0 hand axe.
Your Maces & Flails skill increases to level 4!
Your Throwing skill increases to level 1!
The orc priest invokes the aid of Beogh against you.
Pain shoots through your body!
* * * LOW HITPOINT WARNING * * *
The orc throws a silver boomerang.
The silver boomerang barely misses you.
The weapon returns to the orc!
The orc priest calls down the wrath of Beogh upon you.
Beogh smites you!
You die...

##.## #.#.......#
#.# #.........#
#{#########.#####.#
#..{{...# #.# #.# ♣
#######.# #.# #.#
.♣ #.# #.# #.###.♣#
#.# #.# #......♣♣
#.# #.#####.......♣
#.# #.@..oo...# #(#
#########)# #o# ...
#.# #####.o.(.♣ #.#
#.....((...♣ #o#
#.# ...... #.# #.#
..#.### #.# #.#
.##.# #.# #.#


You could see an orc priest and an orc.

Vanquished Creatures
  An orc priest (D:3)
  Natasha (thrice) (D:2)
  3 gnolls (D:3)
  4 adders (D:2)
  A dart slug (D:1)
  3 leopard geckos
  A ball python (D:3)
  3 giant cockroaches (D:1)
  8 goblins
  8 hobgoblins
  4 jackals (D:2)
  4 kobolds
  5 bats
  6 rats
54 creatures vanquished.

Notes
Turn   | Place    | Note
-------+----------+-------------------------------------------
     0 | Abyss:1  | CrazyMind the Formicid Abyssal Knight began the quest for
                  | the Orb.
     0 | Abyss:1  | Reached XP level 1. HP: 18/18 MP: 2/2
    28 | Abyss:1  | Noticed a flayed ghost
    29 | D:1      | Escaped the Abyss
   207 | D:1      | Reached skill level 1 in Dodging
   210 | D:1      | Reached XP level 2. HP: 14/24 MP: 3/3
   357 | D:1      | Reached * piety under Lugonu
   699 | D:1      | Reached XP level 3. HP: 29/30 MP: 4/4
   980 | D:2      | Reached XP level 4. HP: 37/37 MP: 5/5
  1009 | D:2      | Noticed Natasha
  1022 | D:2      | Killed Natasha
  1250 | D:2      | Noticed Natasha
  1263 | D:2      | Killed Natasha
  1264 | D:2      | Reached XP level 5. HP: 33/42 MP: 6/6
  1743 | D:2      | Reached ** piety under Lugonu
  1926 | D:3      | Noticed Terence
  2250 | D:2      | Noticed Natasha
  2432 | D:2      | Killed Natasha
  2433 | D:2      | Reached XP level 6. HP: 36/48 MP: 7/7
  2679 | D:3      | Reached skill level 1 in Throwing
  2684 | D:3      | Killed from afar by an orc priest

Illustrated notes

Levels and vault maps discovered:
D:1:      shiori_arrival_elements, layout_basic
D:2:      layout_loops_ring, uniq_natasha
D:3:      layout_loops_ring, minmay_stone_trees_large, uniq_terence

Skill      XL: |  1  2  3  4  5  6 |
---------------+-------------------+-----
Dodging        | 1 2 |  2.1
Maces & Flails | 3 4 |  4.0
Fighting       | 4 |  4.2
Armour         | 3 |  3.4
Throwing       | 1 |  1.0
Invocations    | |  2.4

Action                   |  1- 3 |  4- 6 || total
-------------------------+-------+-------++-------
Melee: Mace              |    88 |    97 ||   185
Throw: Stone             |     3 |    24 ||    27
Invok: Depart the Abyss  |     1 |       ||     1
 Abil: Dig               |     3 |       ||     3
 Stab: Sleeping          |     2 |     1 ||     3
       Distracted        |       |     1 ||     1
Armor: Ring mail         |    45 |    38 ||    83
       Leather armour    |     1 |       ||     1
Dodge: Dodged            |    62 |    60 ||   122
